 Dungeon Crawl Stone Soup version 0.26-a0-935-g3624241d3c (webtiles) character file.

Game seed: 6334742016552166716

312 ohmi the Chucker (level 6, 0/51 HPs)
             Began as a Gnoll Wanderer on Nov 26, 2020.
             Succumbed to a scorpion's poison
             ... on level 4 of the Dungeon.
             The game lasted 00:15:48 (3262 turns).

ohmi the Chucker (Gnoll Wanderer)                   Turns: 3262, Time: 00:15:48

Health: 0/51       AC:  5    Str: 15    XL:     6   Next: 42%
Magic:  9/9        EV: 12    Int: 14    God:
Gold:   172        SH:  0    Dex: 16    Spells: 9/9 levels left

rFire    . . .     SeeInvis .   b - +1 dagger (freeze)
rCold    . . .     Faith    .   (no shield)
rNeg     . . .     Spirit   .   k - +0 ring mail
rPois    .         Reflect  .   (no helmet)
rElec    .         Harm     .   (no cloak)
rCorr    .         Rampage  .   (no gloves)
MR       .....                  (no boots)
Stlth    ++........             (no amulet)
HPRegen  0.17/turn              (no ring)
MPRegen  0.11/turn              (no ring)

@: mighty, lethally poisoned (0 -> -14), flying
A: distributed training, fangs 1, strong nose
a: no special abilities


You were on level 4 of the Dungeon.
You visited 1 branch of the dungeon, and saw 4 of its levels.

You collected 172 gold pieces.

Inventory:

Hand Weapons
 a - a +2 shortbow
 b - a +1 dagger of freezing (weapon)
 c - a +0 short sword
 h - a +0 whip
Missiles
 j - 5 arrows
 q - 2 boomerangs (quivered)
Armour
 e - a +0 robe
 k - a +0 ring mail (worn)
 v - a +0 kite shield
Wands
 u - a wand of iceblast (7)
Scrolls
 d - a scroll of teleportation
 g - a scroll of identify
 i - a scroll of fear {unknown}
 l - a scroll of enchant armour {unknown}
 n - 3 scrolls of immolation {unknown}
 p - 2 scrolls of blinking {unknown}
 r - a scroll of noise {unknown}
 s - a scroll of amnesia {unknown}
 w - a scroll of enchant weapon {unknown}
 x - 2 scrolls of remove curse {unknown}
Potions
 t - a potion of resistance {unknown}


   Skills:
 + Level 5.0 Fighting
 + Level 5.0 Short Blades
 + Level 2.0 Long Blades
 + Level 2.0 Axes
 + Level 2.0 Maces & Flails
 + Level 2.0 Polearms
 + Level 2.0 Staves
 + Level 2.0 Slings
 + Level 5.0 Bows
 + Level 2.0 Crossbows
 + Level 5.0 Throwing
 + Level 2.0 Armour
 + Level 3.2 Dodging
 + Level 3.1 Stealth
 + Level 2.0 Shields
 + Level 2.0 Unarmed Combat
 + Level 2.0 Spellcasting
 + Level 1.5 Conjurations
 + Level 1.5 Hexes
 + Level 1.5 Summonings
 + Level 1.5 Necromancy
 + Level 1.5 Translocations
 + Level 1.5 Transmutations
 + Level 1.5 Fire Magic
 + Level 1.5 Ice Magic
 + Level 1.5 Air Magic
 + Level 1.5 Earth Magic
 + Level 1.5 Poison Magic
 + Level 2.1 Invocations
 + Level 2.0 Evocations


You had 9 spell levels left.
You didn't know any spells.
Your spell library was empty.

Dungeon Overview and Level Annotations

Branches:
Dungeon (4/15)
 Temple: D:4-7

Altars:
Elyvilon
Gozag
Hepliaklqana
Qazlal
Xom
The Shining One

Annotations:
D:3 Sigmund


Innate Abilities, Weirdness & Mutations

Your experience applies equally to all skills.
You have very sharp teeth.
Your uncanny sense of smell can sniff out nearby items.


Message History

You hit the scorpion but do no damage.
You bite the scorpion, but do no damage.
The scorpion is severely wounded.
* * * LOW HITPOINT WARNING * * *
You feel sick. The scorpion closely misses you.
* * * LOW HITPOINT WARNING * * *
You feel sick.
Things that are here:
a +0 dagger; a +0 robe; an orc corpse It was a potion of might.
You feel very mighty all of a sudden.
* * * LOW HITPOINT WARNING * * *
You feel sick. The scorpion stings you.
* * * LOW HITPOINT WARNING * * *
* * * LOW HITPOINT WARNING * * *
You feel sick.
It was a potion of flight.
You feel very buoyant.
You fly up into the air.
You die...

#......### #### ##.# #....##
##..### #.## #..## ##.....###
#... ##..# ##.....[..###...
##########..# ##..........##...
............# ##...........##...
............####...........###...
.............##............#..#..
.!...<..........@.........#..#...
###########...#s.<.......#..##...
# #.(.(##.........####... #
#####(#)..##.......## ##.. #
#..........####...## ##. ##
#.#.....#..###..### ## .#
#...........#..## # .##
#.#.⌠.⌠.#.....## ..#
#.........#.###


You could see a scorpion.

Vanquished Creatures
  A scorpion (D:4)
  2 orc priests (D:4)
  An orc wizard (D:4)
  Ijyb (D:3)
  A hound skeleton (D:4)
  5 adders
  An ooze (D:2)
  4 worms
  6 dart slugs
  A leopard gecko (D:4)
  4 orcs (D:4)
  4 giant cockroaches
  4 goblins
  9 hobgoblins
  6 kobolds
  2 ball pythons (D:2)
  7 bats
  4 frilled lizards
  8 rats
71 creatures vanquished.

Notes
Turn   | Place    | Note
-------+----------+-------------------------------------------
     0 | D:1      | ohmi the Gnoll Wanderer began the quest for the Orb.
     0 | D:1      | ohmi set off with the following items: a +2 shortbow, 22
                  | arrows, a +0 short sword, a scroll of teleportation, a +0
                  | robe
     0 | D:1      | Reached XP level 1. HP: 20/20 MP: 1/1
    72 | D:1      | Reached XP level 2. HP: 26/26 MP: 2/2
   401 | D:1      | Reached XP level 3. HP: 31/31 MP: 3/3
   573 | D:2      | Reached skill level 1 in Invocations
   709 | D:2      | Reached skill level 1 in Long Blades
   709 | D:2      | Reached skill level 1 in Axes
   709 | D:2      | Reached skill level 1 in Maces & Flails
   709 | D:2      | Reached skill level 1 in Polearms
   709 | D:2      | Reached skill level 1 in Staves
   709 | D:2      | Reached skill level 1 in Slings
   709 | D:2      | Reached skill level 1 in Crossbows
   709 | D:2      | Reached skill level 1 in Armour
   709 | D:2      | Reached skill level 1 in Shields
   709 | D:2      | Reached skill level 1 in Unarmed Combat
   709 | D:2      | Reached skill level 1 in Spellcasting
   709 | D:2      | Reached skill level 1 in Evocations
   839 | D:2      | Found a glowing golden altar of the Shining One.
   857 | D:2      | Reached XP level 4. HP: 38/38 MP: 5/5
  1168 | D:2      | Reached skill level 1 in Conjurations
  1168 | D:2      | Reached skill level 1 in Hexes
  1168 | D:2      | Reached skill level 1 in Summonings
  1168 | D:2      | Reached skill level 1 in Necromancy
  1168 | D:2      | Reached skill level 1 in Translocations
  1168 | D:2      | Reached skill level 1 in Transmutations
  1168 | D:2      | Reached skill level 1 in Fire Magic
  1168 | D:2      | Reached skill level 1 in Ice Magic
  1168 | D:2      | Reached skill level 1 in Air Magic
  1168 | D:2      | Reached skill level 1 in Earth Magic
  1168 | D:2      | Reached skill level 1 in Poison Magic
  1330 | D:3      | Found a shimmering altar of Xom.
  1331 | D:3      | Found a hazy altar of Hepliaklqana.
  1332 | D:3      | Noticed a spectral ugly thing
  1461 | D:3      | Noticed Sigmund
  1924 | D:3      | Noticed Ijyb
  1942 | D:3      | Killed Ijyb
  1943 | D:3      | Reached XP level 5. HP: 43/43 MP: 5/7
  2541 | D:4      | Found a white marble altar of Elyvilon.
  2643 | D:4      | Found a stormy altar of Qazlal.
  2711 | D:4      | Found an opulent altar of Gozag.
  2948 | D:4      | Reached XP level 6. HP: 44/50 MP: 8/8
  3249 | D:4      | Reached skill level 5 in Fighting
  3249 | D:4      | Reached skill level 5 in Short Blades
  3249 | D:4      | Reached skill level 5 in Bows
  3249 | D:4      | Reached skill level 5 in Throwing
  3260 | D:4      | HP: 2/51 [scorpion (3)]
  3262 | D:4      | Succumbed to a scorpion's poison

Illustrated notes

Levels and vault maps discovered:
D:1:      mrwooster_arrival_statue_2, layout_rooms
D:2:      layout_loops_ring, tso_metal_star
D:3:      layout_basic, regret_index_temple_of_mockery, uniq_ijyb, uniq_sigmund
D:4:      layout_cave_pods, overflow_temple_1_default,
          nicolae_gozag_seed_capital, elyvilon_altar_5

Skill      XL: |  1  2  3  4  5  6 |
---------------+-------------------+-----
Invocations    | 1 2 |  2.1
Long Blades    | 1 2 |  2.0
Axes           | 1 2 |  2.0
Maces & Flails | 1 2 |  2.0
Polearms       | 1 2 |  2.0
Staves         | 1 2 |  2.0
Slings         | 1 2 |  2.0
Crossbows      | 1 2 |  2.0
Armour         | 1 2 |  2.0
Shields        | 1 2 |  2.0
Unarmed Combat | 1 2 |  2.0
Spellcasting   | 1 2 |  2.0
Evocations     | 1 2 |  2.0
Conjurations   | 1 |  1.5
Hexes          | 1 |  1.5
Summonings     | 1 |  1.5
Necromancy     | 1 |  1.5
Translocations | 1 |  1.5
Transmutations | 1 |  1.5
Fire Magic     | 1 |  1.5
Ice Magic      | 1 |  1.5
Air Magic      | 1 |  1.5
Earth Magic    | 1 |  1.5
Poison Magic   | 1 |  1.5
Dodging        | 3 |  3.2
Stealth        | 3 |  3.1
Fighting       | 5 |  5.0
Short Blades   | 5 |  5.0
Bows           | 5 |  5.0
Throwing       | 5 |  5.0

Action                   |  1- 3 |  4- 6 || total
-------------------------+-------+-------++-------
Melee: Dagger            |    21 |   142 ||   163
       Short sword       |     3 |       ||     3
       Bite              |     2 |    15 ||    17
       Punch             |       |     2 ||     2
 Fire: Shortbow          |    52 |    32 ||    84
  Use: Scroll            |       |     4 ||     4
       Potion            |       |     5 ||     5
 Stab: Sleeping          |       |     3 ||     3
Armor: Robe              |     1 |       ||     1
       Ring mail         |     7 |    33 ||    40
Dodge: Dodged            |    20 |    62 ||    82

Table legend: (Time is in decaauts)
 A = Elapsed time spent in this place.
 B = Non-inter-level travel time spent in this place.
 C = Inter-level travel time spent in this place.
 D = Time resting spent in this place.
 E = Time spent auto-exploring this place.
 F = Levels seen in this place.
 G = Mean time per level.
                   A        B        C        D        E       F      G
               +--------+--------+--------+--------+--------+-----+--------+
         Total |   3222 |   3160 |     62 |    385 |   2004 |   4 |  805.5 |
       Dungeon |   3222 |   3160 |     62 |    385 |   2004 |   4 |  805.5 |
               +--------+--------+--------+--------+--------+-----+--------+

Top non-repeatable levels by time:
     D:3: 975 daAuts
     D:4: 971 daAuts
     D:2: 797 daAuts
     D:1: 477 daAuts
